 Dungeon Crawl Stone Soup version 0.22.1-2-g9c5b331383 (webtiles) character file.

1090 Ihlosi the Chiller (level 8, -1/46 HPs)
             Began as a Kobold Ice Elementalist on Jan 5, 2019.
             Was an Initiate of Sif Muna.
             Killed from afar by an electric eel (11 damage)
             ... with a bolt of electricity
             ... on level 6 of the Dungeon.
             The game lasted 00:19:23 (7876 turns).

Ihlosi the Chiller (Kobold Ice Elementalist)        Turns: 7876, Time: 00:19:25

Health: -1/46      AC:  6    Str:  6    XL:     8   Next: 56%
Magic:  24/24      EV: 17    Int: 18    God:    Sif Muna [......]
Gold:   365        SH:  0    Dex: 15    Spells: 8/17 levels left

rFire    . . .     SeeInvis .   w - +2 dagger (elec)
rCold    . . .     Gourm    .   (shield restricted)
rNeg     . . .     Faith    .   a - +0 robe
rPois    +         Spirit   .   o - +0 helmet
rElec    .         Reflect  .   q - +0 cloak
rCorr    .         Harm     .   (no gloves)
MR       .....                  f - +1 pair of boots
Stlth    +++.......             (no amulet)
HPRegen  0.15/turn              i - ring of poison resistance
MPRegen  0.19/turn              b - ring of magical power

@: no status effects
A: small, carnivore
a: Renounce Religion


You were on level 6 of the Dungeon.
You worshipped Sif Muna.
Sif Muna was noncommittal.
You were completely stuffed.

You visited 2 branches of the dungeon, and saw 7 of its levels.

You collected 365 gold pieces.

Inventory:

Hand Weapons
 r - the +3 short sword of Quvuimeh {pierce, rC- MR+ Str+8}
   (You found it on level 4 of the Dungeon)

   It inflicts extra damage upon your enemies.
   It affects your strength (+8).
   It makes you vulnerable to cold.
   It affects your resistance to hostile enchantments.
 w - a +2 dagger of electrocution (weapon)
Missiles
 C - 2 curare-tipped needles
Armour
 a - a +0 robe (worn)
 f - a +1 pair of boots (worn)
 o - a +0 helmet (worn)
 q - a +0 cloak (worn)
Jewellery
 b - a ring of magical power (right hand)
 i - a ring of poison resistance (left hand)
 s - the ring "Fevouch" {+Fly MP-9 Str+6}
   (You found it on level 4 of the Dungeon)

   [ring of flight]

   It affects your strength (+6).
   It affects your magic capacity (-9).
   It lets you fly.
Wands
 p - a wand of random effects (23)
 z - a wand of polymorph (4)
Scrolls
 d - 5 scrolls of immolation {unknown}
 e - 3 scrolls of remove curse
 h - a scroll of fear {unknown}
 j - a scroll of enchant armour {unknown}
 k - 2 scrolls of amnesia {unknown}
 l - 2 scrolls of blinking {unknown}
 n - 2 scrolls of magic mapping {unknown}
 v - a scroll of teleportation
 y - a scroll of brand weapon {unknown}
 A - a scroll of noise {unknown}
 B - a scroll of vulnerability {unknown}
Potions
 g - 2 potions of mutation
 m - a potion of heal wounds {unknown}
 t - 3 potions of might
 u - a potion of haste {unknown}
 x - a potion of agility {unknown}
Comestibles
 c - 13 rations
 D - 3 chunks of flesh


   Skills:
 * Level 3.1 Fighting
 * Level 2.3 Short Blades
 - Level 1.0 Armour
 * Level 4.3 Dodging
 * Level 5.0 Stealth
 * Level 5.3 Spellcasting
 * Level 2.4 Conjurations
 * Level 5.4 Ice Magic
 * Level 2.0 Evocations


You had 8 spell levels left.
You knew the following spells:

 Your Spells              Type           Power        Failure   Level  Hunger
a - Freeze                Ice            ###.         1%          1    None
b - Throw Icicle          Conj/Ice       ###.....     26%         4    ####...
c - Summon Ice Beast      Ice/Summ       ##......     38%         4    ####...

Your spell library contained the following spells:

 Spells                   Type           Power        Failure   Level  Hunger
 Throw Frost              Conj/Ice       ###...       3%          2    #......
 Beastly Appendage        Tmut           #.....       13%         1    None
 Ozocubu's Armour         Chrm/Ice       ##......     13%         3    ##.....
 Sticks to Snakes         Tmut           #.......     21%         2    #......
 Spider Form              Tmut/Pois      #.........   36%         3    ##.....
 Ice Form                 Ice/Tmut       ##......     38%         4    ####...
 Blade Hands              Tmut           #.........   98%         5    ######.


Dungeon Overview and Level Annotations

Branches:
Dungeon (6/15)             Temple (1/1) D:5

Altars:
Ashenzari
Cheibriados
Dithmenos
Elyvilon
Fedhas
Gozag
Hepliaklqana
Kikubaaqudgha
Makhleb
Nemelex Xobeh
Qazlal
Ru
Sif Muna
Trog
Uskayaw
Vehumet
Xom
Yredelemnul
Zin


Innate Abilities, Weirdness & Mutations

You are small and have problems with some larger weapons.
You are carnivorous and can eat meat at any time.


Message History

Aim: an electric eel (hasn't noticed you, chance to defeat MR: 61%)
The electric eel evaporates and reforms as an adder!
Evoke which item? (* to show all) (? for menu, Esc to quit)
Aiming: Polymorph
Press: ? - help, Shift-Dir - straight line, f - electric eel, p - adder
Aim: an electric eel (water, hasn't noticed you, chance to defeat MR: 61%)
The electric eel resists with significant effort.
The electric eel shoots out a bolt of lightning at you!
The bolt of electricity hits you! x2
Evoke which item? (* to show all) (? for menu, Esc to quit)
Aiming: Polymorph
Press: ? - help, Shift-Dir - straight line, f/p - electric eel
Aim: an electric eel (chance to defeat MR: 61%)
The electric eel resists with significant effort.
The electric eel shoots out a bolt of lightning at you!
The bolt of electricity hits you!
* * * LOW HITPOINT WARNING * * *
The electric eel shoots out a bolt of lightning at you!
The bolt of electricity misses you. The bolt of electricity hits you!
You die...

.####.....#######.###.#
..................###.######
<####.##.####..........)...#
......##.# ###........####.#
# ..######.♣≈♣.....######
#.# ## #.# #P≈≈≈≈#...#####
#.# ##. #.# #≈≈P≈♣........#
##.## #.# #>#
♣♣≈≈P♣....###.####...####.
#.# ≈≈;≈...@###......#.))...
#.# ≈≈≈P...♣.)†.)).....#####
#.. ≈≈≈≈..≈≈♣######.#.######
### ≈≈≈≈S.≈≈ #.#.###... #
≈;≈....≈ #####(........ ##
≈≈≈...≈≈ ♣.......###...
.####♣ ≈≈♣...≈≈ ♣...#####
##.. .#...♣ ≈≈P...≈≈
♣##.#### #.. .#.##♣
≈≈≈≈....≈≈≈ ♣......# #..


You could see 2 electric eels and an adder.

Vanquished Creatures
  Prince Ribbit (D:6)
  An ogre (D:4)
  A bullfrog (D:6)
  A gnoll sergeant (D:6)
  2 scorpions (D:6)
  A bullfrog zombie (D:5)
  A hound (D:4)
  2 orc priests (D:3)
  2 orc wizards (D:4)
  4 worker ants
  A killer bee zombie (D:5)
  Robin (D:2)
  5 adders
  6 gnolls
  2 shadow imps
  2 oozes
  A worm (D:4)
  3 dart slugs (D:1)
  5 leopard geckos
  26 orcs
  14 giant cockroaches
  15 goblins
  10 hobgoblins
  3 jackals (D:2)
  4 quokkas
  A ball python (D:3)
  8 bats
  3 frilled lizards
  A giant cockroach zombie (D:6)
  5 kobolds
  A quokka skeleton (D:4)
  13 rats
146 creatures vanquished.

Vanquished Creatures (others)
  A gnoll (D:6)
  2 plants (D:6)
3 creatures vanquished.

Grand Total: 149 creatures vanquished

Notes
Turn   | Place    | Note
-------+----------+-------------------------------------------
     0 | D:1      | Ihlosi the Kobold Ice Elementalist began the quest for the
                  | Orb.
     0 | D:1      | Reached XP level 1. HP: 10/10 MP: 3/3
   205 | D:1      | Reached XP level 2. HP: 15/15 MP: 0/5
   750 | D:1      | Reached XP level 3. HP: 20/20 MP: 4/6
  1121 | D:2      | Reached skill level 1 in Fighting
  1149 | D:2      | Reached XP level 4. HP: 17/25 MP: 3/8
  1286 | D:2      | Noticed Robin
  1762 | D:2      | Killed Robin
  1762 | D:2      | Reached XP level 5. HP: 27/29 MP: 0/9
  1940 | D:2      | Found a deep blue altar of Sif Muna.
  1948 | D:2      | Found a shattered altar of Ashenzari.
  1964 | D:2      | Found a stormy altar of Qazlal.
  2289 | D:3      | Learned a level 4 spell: Throw Icicle
  2294 | D:3      | Learned a level 4 spell: Summon Ice Beast
  2551 | D:3      | Reached XP level 6. HP: 7/35 MP: 6/11
  2856 | D:3      | Reached skill level 1 in Armour
  3663 | D:4      | Noticed a dagger
  3663 | D:4      | Noticed a hand axe
  3700 | D:4      | Found a sparkling altar of Nemelex Xobeh.
  3700 | D:4      | Found a glowing silver altar of Zin.
  3700 | D:4      | Found a sacrificial altar of Ru.
  3700 | D:4      | Found an opulent altar of Gozag.
  3798 | D:4      | Found a hide-covered altar of Uskayaw.
  3821 | D:4      | Reached XP level 7. HP: 40/40 MP: 13/13
  3979 | D:4      | Got a polished short sword
  3980 | D:4      | Identified the cursed +3 short sword of Quvuimeh {pierce,
                  | rC- MR+ Str+8} (You found it on level 4 of the Dungeon)
  4222 | D:4      | Got a fine silver ring
  4224 | D:4      | Identified the ring "Fevouch" {+Fly MP-9 Str+6} (You found
                  | it on level 4 of the Dungeon)
  4731 | D:5      | Entered Level 5 of the Dungeon
  4844 | D:5      | Found a staircase to the Ecumenical Temple.
  4858 | Temple   | Entered the Ecumenical Temple
  5141 | D:2      | Became a worshipper of Sif Muna the Loreminder
  5202 | D:5      | Reached skill level 1 in Evocations
  5372 | D:5      | Reached skill level 5 in Ice Magic
  6016 | D:5      | Found a bloodstained altar of Trog.
  6081 | D:5      | Reached skill level 1 in Short Blades
  6570 | D:6      | Found a sparkling altar of Nemelex Xobeh.
  7020 | D:6      | Reached XP level 8. HP: 45/45 MP: 15/15
  7385 | D:6      | Noticed Prince Ribbit
  7406 | D:6      | Killed Prince Ribbit
  7406 | D:6      | Reached skill level 5 in Spellcasting
  7732 | D:6      | Reached skill level 5 in Stealth
  7876 | D:6      | Killed from afar by an electric eel

Skill      XL: |  1  2  3  4  5  6  7  8 |
---------------+-------------------------+-----
Stealth        | 3 4 5 |  5.0
Fighting       | 1 2 3 |  3.1
Spellcasting   | 3 4 5 |  5.3
Dodging        | 3 4 |  4.3
Ice Magic      | 4 5 |  5.4
Armour         | 1 |  1.0
Evocations     | 1 2 |  2.0
Short Blades   | 1 2 |  2.3
Conjurations   | 2 |  2.4

Action                   |  1- 3 |  4- 6 |  7- 9 || total
-------------------------+-------+-------+-------++-------
Melee: Unarmed           |    45 |    38 |     1 ||    84
       Dagger            |       |       |   106 ||   106
       Short sword       |       |       |    36 ||    36
 Cast: Freeze            |    45 |   116 |    48 ||   209
       Throw Icicle      |       |       |     6 ||     6
Evoke: Wand              |       |       |    10 ||    10
  Use: Potion            |     1 |     3 |       ||     4
       Scroll            |       |     3 |     1 ||     4
 Stab: Sleeping          |     2 |       |     3 ||     5
       Paralysed         |       |       |     2 ||     2
  Eat: Chunk             |     9 |     8 |    14 ||    31
Armor: Robe              |    14 |    27 |    32 ||    73
       Skin              |       |    17 |       ||    17
Dodge: Dodged            |    63 |   122 |   152 ||   337
